Workbook

Sheet Paste Data here
B1: AP Invoice Over £25k by Creation Date
A5: Business Unit Name | B5: Invoice Number | C5: Voucher Number | D5: Invoice Date | E5: Invoice Amount | F5: Invoice Creation Date | G5: Created By | H5: Supplier Type | I5: Supplier Name | J5: Site | K5: Postal Code | L5: Invoice Distribution Amount | M5: Invoice Line Number | N5: Invoice Line Type | O5: Invoice Line Description | P5: Tax Classification | Q5: Cost Centre Level 30 | R5: Cost Centre Level 29 | S5: Cost Centre Level 28 | T5: Cost Centre Level 27 | U5: Cost Centre Level 26 | V5: Cost Centre Level 25 | W5: Cost Centre Level 24 | X5: Cost Centre Code | Y5: Cost Centre Description | Z5: Subjective Code | AA5: Subjective Description | AB5: Sub One Code | AC5: Sub One Description | AD5: Sub Two Code | AE5: Sub Two Description | AF5: Accounting Status | AG5: Payment Status Name
A6: Gateshead QE Facilities Limited Company BU | B6: CN0301295 | C6: 6921411 | D6: 46195 | E6: -30283.72 | F6: 46204.327 | G6: NEPN INTERFACE | H6: Other Supplier | I6: Elis UK Ltd | J6: RG24 8NA | K6: RG24 8NA | L6: -5047.29 | M6: 1 | N6: Item | O6: Gateshead Health Linen Invoice IN575496 for period 1st May - 31st May 2026 | P6: ZZ BA STD REC I | Q6: Balance Sheet Division | R6: Balance Sheet Business Unit | S6: Balance Sheet SLM | T6: Balance Sheet Directorate | U6: Dept - Debtors | V6: VAT: Input Tax | W6: VAT: Input Tax | X6: 988002 | Y6: VAT: Input Tax | Z6: 156000 | AA6: Vat Debtor < One Year | AB6: 1000 | AC6: Default Value | AD6: 1000 | AE6: Default Value | AF6: Accounted | AG6: Fully paid | AI6: =SUMIF($B$6:$B$121,B6,$L$6:$L$121) -> -30283.72 | AJ6: =AI6=E6 -> TRUE
A7: Gateshead QE Facilities Limited Company BU | B7: CN0301295 | C7: 6921411 | D7: 46195 | E7: -30283.72 | F7: 46204.327 | G7: NEPN INTERFACE | H7: Other Supplier | I7: Elis UK Ltd | J7: RG24 8NA | K7: RG24 8NA | L7: -25236.43 | M7: 1 | N7: Item | O7: Gateshead Health Linen Invoice IN575496 for period 1st May - 31st May 2026 | P7: ZZ BA STD REC I | Q7: PFMC Division | R7: PFMC Business Unit | S7: Estates & Facilities SLM | T7: Procurement Directorate | U7: Dept - Laundry | V7: Laundry Services | W7: Laundry Services | X7: 156701 | Y7: Laundry Services | Z7: 717300 | AA7: External Contracts : Laundry | AB7: 1000 | AC7: Default Value | AD7: 1000 | AE7: Default Value | AF7: Accounted | AG7: Fully paid | AI7: =SUMIF($B$6:$B$121,B7,$L$6:$L$121) -> -30283.72 | AJ7: =AI7=E7 -> TRUE
A8: Gateshead QE Facilities Limited Company BU | B8: 26090353 | C8: 6921450 | D8: 46133 | E8: 147134.26 | F8: 46204.327 | G8: NEPN INTERFACE | H8: Other Supplier | I8: Robertson Ce Ltd | J8: FK9 4TZ | K8: FK9 4TZ | L8: 24522.38 | M8: 1 | N8: Item | O8: Windynook Accommodation Improvements | P8: ZZ BA STD REC I | Q8: Balance Sheet Division | R8: Balance Sheet Business Unit | S8: Balance Sheet SLM | T8: Balance Sheet Directorate | U8: Dept - Debtors | V8: VAT: Input Tax | W8: VAT: Input Tax | X8: 988002 | Y8: VAT: Input Tax | Z8: 156000 | AA8: Vat Debtor < One Year | AB8: 1000 | AC8: Default Value | AD8: 1000 | AE8: Default Value | AF8: Accounted | AG8: Fully paid | AI8: =SUMIF($B$6:$B$121,B8,$L$6:$L$121) -> 147134.26 | AJ8: =AI8=E8 -> TRUE
A9: Gateshead QE Facilities Limited Company BU | B9: 26090353 | C9: 6921450 | D9: 46133 | E9: 147134.26 | F9: 46204.327 | G9: NEPN INTERFACE | H9: Other Supplier | I9: Robertson Ce Ltd | J9: FK9 4TZ | K9: FK9 4TZ | L9: 122611.88 | M9: 1 | N9: Item | O9: Windynook Accommodation Improvements | P9: ZZ BA STD REC I | Q9: PFMC Division | R9: PFMC Business Unit | S9: Estates & Facilities SLM | T9: Estates Development Directorate | U9: Dept - Capital GHNHSFT | V9: Estates Safety 25-26 Additionally funded schemes | W9: Estates Safety 25-26 Additionally funded schemes | X9: 192424 | Y9: Estates Safety 25-26 Additionally funded schemes | Z9: 738000 | AA9: Grounds And Gardens Expenses | AB9: 1000 | AC9: Default Value | AD9: 1000 | AE9: Default Value | AF9: Accounted | AG9: Fully paid | AI9: =SUMIF($B$6:$B$121,B9,$L$6:$L$121) -> 147134.26 | AJ9: =AI9=E9 -> TRUE
A10: Gateshead QE Facilities Limited Company BU | B10: 26090362 | C10: 6921449 | D10: 46133 | E10: 243912.01 | F10: 46204.327 | G10: NEPN INTERFACE | H10: Other Supplier | I10: Robertson Ce Ltd | J10: FK9 4TZ | K10: FK9 4TZ | L10: 40652 | M10: 1 | N10: Item | O10: Additional CDEL 25 26 - Windy Nook project budget as aligned to the SPC paper dated 26 03 26 | P10: ZZ BA STD REC I | Q10: Balance Sheet Division | R10: Balance Sheet Business Unit | S10: Balance Sheet SLM | T10: Balance Sheet Directorate | U10: Dept - Debtors | V10: VAT: Input Tax | W10: VAT: Input Tax | X10: 988002 | Y10: VAT: Input Tax | Z10: 156000 | AA10: Vat Debtor < One Year | AB10: 1000 | AC10: Default Value | AD10: 1000 | AE10: Default Value | AF10: Accounted | AG10: Fully paid | AI10: =SUMIF($B$6:$B$121,B10,$L$6:$L$121) -> 243912.01 | AJ10: =AI10=E10 -> TRUE
A11: Gateshead QE Facilities Limited Company BU | B11: 26090362 | C11: 6921449 | D11: 46133 | E11: 243912.01 | F11: 46204.327 | G11: NEPN INTERFACE | H11: Other Supplier | I11: Robertson Ce Ltd | J11: FK9 4TZ | K11: FK9 4TZ | L11: 203260.01 | M11: 1 | N11: Item | O11: Additional CDEL 25 26 - Windy Nook project budget as aligned to the SPC paper dated 26 03 26 | P11: ZZ BA STD REC I | Q11: PFMC Division | R11: PFMC Business Unit | S11: Estates & Facilities SLM | T11: Estates Development Directorate | U11: Dept - Capital GHNHSFT | V11: Estates Safety 25-26 Additionally funded schemes | W11: Estates Safety 25-26 Additionally funded schemes | X11: 192424 | Y11: Estates Safety 25-26 Additionally funded schemes | Z11: 738000 | AA11: Grounds And Gardens Expenses | AB11: 1000 | AC11: Default Value | AD11: 1000 | AE11: Default Value | AF11: Accounted | AG11: Fully paid | AI11: =SUMIF($B$6:$B$121,B11,$L$6:$L$121) -> 243912.01 | AJ11: =AI11=E11 -> TRUE
A12: Gateshead Health Other NHS Foundation Trust BU | B12: 632635 | C12: 7512910 | D12: 46142 | E12: 43426.5 | F12: 46204.445 | G12: NEPN INTERFACE | H12: Other Supplier | I12: Weqas | J12: CF14 4XW | K12: CF14 4XW | L12: 1998 | M12: 1 | N12: Item | O12: POCT INR | P12: ZZ STD I | Q12: Chief Operating Officer Division | R12: Clinical Support & Screening Services Business Unit | S12: Clinical Support - Pathology SLM | T12: Pathology Directorate | U12: Dept - Point of Care | V12: Path Lab - Poct General | W12: Path Lab - Poct General | X12: 500004 | Y12: Path Lab - Poct General | Z12: 712700 | AA12: Laboratory Quality Control | AB12: 1000 | AC12: Default Value | AD12: 1000 | AE12: Default Value | AF12: Accounted | AG12: Fully paid | AI12: =SUMIF($B$6:$B$121,B12,$L$6:$L$121) -> 43426.5 | AJ12: =AI12=E12 -> TRUE
A13: Gateshead Health Other NHS Foundation Trust BU | B13: 632635 | C13: 7512910 | D13: 46142 | E13: 43426.5 | F13: 46204.445 | G13: NEPN INTERFACE | H13: Other Supplier | I13: Weqas | J13: CF14 4XW | K13: CF14 4XW | L13: 11036.52 | M13: 2 | N13: Item | O13: Gases - Monthly | P13: ZZ STD I | Q13: Chief Operating Officer Division | R13: Clinical Support & Screening Services Business Unit | S13: Clinical Support - Pathology SLM | T13: Pathology Directorate | U13: Dept - Point of Care | V13: Path Lab - Poct General | W13: Path Lab - Poct General | X13: 500004 | Y13: Path Lab - Poct General | Z13: 712700 | AA13: Laboratory Quality Control | AB13: 1000 | AC13: Default Value | AD13: 1000 | AE13: Default Value | AF13: Accounted | AG13: Fully paid | AI13: =SUMIF($B$6:$B$121,B13,$L$6:$L$121) -> 43426.5 | AJ13: =AI13=E13 -> TRUE
A14: Gateshead Health Other NHS Foundation Trust BU | B14: 632635 | C14: 7512910 | D14: 46142 | E14: 43426.5 | F14: 46204.445 | G14: NEPN INTERFACE | H14: Other Supplier | I14: Weqas | J14: CF14 4XW | K14: CF14 4XW | L14: 13841.58 | M14: 3 | N14: Item | O14: Coox - Monthly | P14: ZZ STD I | Q14: Chief Operating Officer Division | R14: Clinical Support & Screening Services Business Unit | S14: Clinical Support - Pathology SLM | T14: Pathology Directorate | U14: Dept - Point of Care | V14: Path Lab - Poct General | W14: Path Lab - Poct General | X14: 500004 | Y14: Path Lab - Poct General | Z14: 712700 | AA14: Laboratory Quality Control | AB14: 1000 | AC14: Default Value | AD14: 1000 | AE14: Default Value | AF14: Accounted | AG14: Fully paid | AI14: =SUMIF($B$6:$B$121,B14,$L$6:$L$121) -> 43426.5 | AJ14: =AI14=E14 -> TRUE
A15: Gateshead Health Other NHS Foundation Trust BU | B15: 632635 | C15: 7512910 | D15: 46142 | E15: 43426.5 | F15: 46204.445 | G15: NEPN INTERFACE | H15: Other Supplier | I15: Weqas | J15: CF14 4XW | K15: CF14 4XW | L15: 4286.4 | M15: 4 | N15: Item | O15: POCT Urinalysis | P15: ZZ STD I | Q15: Chief Operating Officer Division | R15: Clinical Support & Screening Services Business Unit | S15: Clinical Support - Pathology SLM | T15: Pathology Directorate | U15: Dept - Point of Care | V15: Path Lab - Poct General | W15: Path Lab - Poct General | X15: 500004 | Y15: Path Lab - Poct General | Z15: 712700 | AA15: Laboratory Quality Control | AB15: 1000 | AC15: Default Value | AD15: 1000 | AE15: Default Value | AF15: Accounted | AG15: Fully paid | AI15: =SUMIF($B$6:$B$121,B15,$L$6:$L$121) -> 43426.5 | AJ15: =AI15=E15 -> TRUE
A16: Gateshead Health Other NHS Foundation Trust BU | B16: 632635 | C16: 7512910 | D16: 46142 | E16: 43426.5 | F16: 46204.445 | G16: NEPN INTERFACE | H16: Other Supplier | I16: Weqas | J16: CF14 4XW | K16: CF14 4XW | L16: 11928 | M16: 5 | N16: Item | O16: Bilirubin | P16: ZZ STD I | Q16: Chief Operating Officer Division | R16: Clinical Support & Screening Services Business Unit | S16: Clinical Support - Pathology SLM | T16: Pathology Directorate | U16: Dept - Point of Care | V16: Path Lab - Poct General | W16: Path Lab - Poct General | X16: 500004 | Y16: Path Lab - Poct General | Z16: 712700 | AA16: Laboratory Quality Control | AB16: 1000 | AC16: Default Value | AD16: 1000 | AE16: Default Value | AF16: Accounted | AG16: Fully paid | AI16: =SUMIF($B$6:$B$121,B16,$L$6:$L$121) -> 43426.5 | AJ16: =AI16=E16 -> TRUE
A17: Gateshead Health Other NHS Foundation Trust BU | B17: 632635 | C17: 7512910 | D17: 46142 | E17: 43426.5 | F17: 46204.445 | G17: NEPN INTERFACE | H17: Other Supplier | I17: Weqas | J17: CF14 4XW | K17: CF14 4XW | L17: 336 | M17: 6 | N17: Item | O17: POCT D - Dimer | P17: ZZ STD I | Q17: Chief Operating Officer Division | R17: Clinical Support & Screening Services Business Unit | S17: Clinical Support - Pathology SLM | T17: Pathology Directorate | U17: Dept - Point of Care | V17: Path Lab - Poct General | W17: Path Lab - Poct General | X17: 500004 | Y17: Path Lab - Poct General | Z17: 712700 | AA17: Laboratory Quality Control | AB17: 1000 | AC17: Default Value | AD17: 1000 | AE17: Default Value | AF17: Accounted | AG17: Fully paid | AI17: =SUMIF($B$6:$B$121,B17,$L$6:$L$121) -> 43426.5 | AJ17: =AI17=E17 -> TRUE
A18: Gateshead Health Other NHS Foundation Trust BU | B18: 1000007490 | C18: 7512930 | D18: 46203 | E18: 29712.96 | F18: 46204.522 | G18: Simon Dunn | H18: Whole Government Accounting | I18: NHSPA Benefits Account | J18: A/C 10004092 | K18: FY7 8LG | L18: 29712.96 | M18: 1 | N18: Item | O18: 001 Q1/26 - 04/2026 11,042.80 002 Q1/26 - 05/2026 9,335.08 003 Q1/26 - 06/2026 9,335.08 | P18: ZERO | Q18: Balance Sheet Division | R18: Balance Sheet Business Unit | S18: Balance Sheet SLM | T18: Balance Sheet Directorate | U18: Dept - Provisions | V18: Injury Benefit Provision | W18: Injury Benefit Provision | X18: 988500 | Y18: Injury Benefit Provision | Z18: 295250 | AA18: Utilisation - Pensions - Injury Benefits | AB18: 1000 | AC18: Default Value | AD18: 1000 | AE18: Default Value | AF18: Accounted | AG18: Fully paid | AI18: =SUMIF($B$6:$B$121,B18,$L$6:$L$121) -> 29712.96 | AJ18: =AI18=E18 -> TRUE
A19: Gateshead QE Facilities Limited Company BU | B19: IN588613 | C19: 6921540 | D19: 46204 | E19: 101001.66 | F19: 46204.572 | G19: Simon Dunn | H19: Other Supplier | I19: Elis UK Ltd | J19: RG24 8NA | K19: RG24 8NA | L19: 84168.05 | M19: 1 | N19: Item | P19: BA STD REC | Q19: PFMC Division | R19: PFMC Business Unit | S19: Estates & Facilities SLM | T19: Procurement Directorate | U19: Dept - Laundry | V19: Laundry Services | W19: Laundry Services | X19: 156701 | Y19: Laundry Services | Z19: 717300 | AA19: External Contracts : Laundry | AB19: 1000 | AC19: Default Value | AD19: 1000 | AE19: Default Value | AF19: Accounted | AG19: Fully paid | AI19: =SUMIF($B$6:$B$121,B19,$L$6:$L$121) -> 101001.66 | AJ19: =AI19=E19 -> TRUE
A20: Gateshead QE Facilities Limited Company BU | B20: IN588613 | C20: 6921540 | D20: 46204 | E20: 101001.66 | F20: 46204.572 | G20: Simon Dunn | H20: Other Supplier | I20: Elis UK Ltd | J20: RG24 8NA | K20: RG24 8NA | L20: 16833.61 | M20: 2 | N20: Tax | O20: NEP VAT REGIME - VAT TAX | P20: BA STD REC | Q20: Balance Sheet Division | R20: Balance Sheet Business Unit | S20: Balance Sheet SLM | T20: Balance Sheet Directorate | U20: Dept - Debtors | V20: VAT: Input Tax | W20: VAT: Input Tax | X20: 988002 | Y20: VAT: Input Tax | Z20: 156000 | AA20: Vat Debtor < One Year | AB20: 1000 | AC20: Default Value | AD20: 1000 | AE20: Default Value | AF20: Accounted | AG20: Fully paid | AI20: =SUMIF($B$6:$B$121,B20,$L$6:$L$121) -> 101001.66 | AJ20: =AI20=E20 -> TRUE
A21: Gateshead Health Other NHS Foundation Trust BU | B21: 2000012496 | C21: 7512966 | D21: 46203 | E21: 33986.72 | F21: 46205.585 | G21: Simon Dunn | H21: Whole Government Accounting | I21: NHSPA Benefits Account | J21: A/C 10004084 | K21: FY7 8LG | L21: 33986.72 | M21: 1 | N21: Item | O21: Helen Lorains 001 Q1/26 - 04/2026 11,181.42 002 Q1/26 - 05/2026 11,402.19 003 Q1/26 - 06/2026 | P21: ZERO | Q21: Balance Sheet Division | R21: Balance Sheet Business Unit | S21: Balance Sheet SLM | T21: Balance Sheet Directorate | U21: Dept - Provisions | V21: Early Retirement Provision | W21: Early Retirement Provision | X21: 988503 | Y21: Early Retirement Provision | Z21: 295200 | AA21: Utilisation - Early Retirement Provision - Staff | AB21: 1000 | AC21: Default Value | AD21: 1000 | AE21: Default Value | AF21: Accounted | AG21: Not paid | AI21: =SUMIF($B$6:$B$121,B21,$L$6:$L$121) -> 33986.72 | AJ21: =AI21=E21 -> TRUE
A22: Gateshead Health Other NHS Foundation Trust BU | B22: 93660068 | C22: 7513048 | D22: 46205 | E22: 65400 | F22: 46206.552 | G22: Simon Dunn | H22: Other Supplier | I22: Quadient UK Ltd | J22: E15 2GW | K22: E15 2GW | L22: 54500 | M22: 1 | N22: Item | O22: MICHAELA DREDGE FOR PO | P22: STD | Q22: Digital Division | R22: Digital Business Unit | S22: Digital SLM | T22: Digital Transformation & Assurance Directorate | U22: Dept - Transformation & Assurance | V22: PEP Mobile First | W22: PEP Mobile First | X22: 620153 | Y22: PEP Mobile First | Z22: 735700 | AA22: Computer Maintenance | AB22: 1000 | AC22: Default Value | AD22: 1000 | AE22: Default Value | AF22: Accounted | AG22: Not paid | AI22: =SUMIF($B$6:$B$121,B22,$L$6:$L$121) -> 65400 | AJ22: =AI22=E22 -> TRUE
A23: Gateshead Health Other NHS Foundation Trust BU | B23: 93660068 | C23: 7513048 | D23: 46205 | E23: 65400 | F23: 46206.552 | G23: Simon Dunn | H23: Other Supplier | I23: Quadient UK Ltd | J23: E15 2GW | K23: E15 2GW | L23: 10900 | M23: 2 | N23: Tax | O23: MICHAELA DREDGE FOR PO | P23: STD | Q23: Digital Division | R23: Digital Business Unit | S23: Digital SLM | T23: Digital Transformation & Assurance Directorate | U23: Dept - Transformation & Assurance | V23: PEP Mobile First | W23: PEP Mobile First | X23: 620153 | Y23: PEP Mobile First | Z23: 735700 | AA23: Computer Maintenance | AB23: 1000 | AC23: Default Value | AD23: 1000 | AE23: Default Value | AF23: Accounted | AG23: Not paid | AI23: =SUMIF($B$6:$B$121,B23,$L$6:$L$121) -> 65400 | AJ23: =AI23=E23 -> TRUE
A24: Gateshead Health Other NHS Foundation Trust BU | B24: 6572427253 | C24: 7513051 | D24: 46206 | E24: 25259.66 | F24: 46206.663 | G24: Simon Dunn | H24: Other Supplier | I24: Roche Diagnostics Ltd | J24: CASHIER | K24: RH15 9RY | L24: 21049.72 | M24: 1 | N24: Item | O24: PATH BATCH 178763 | P24: 31 COS | Q24: Chief Operating Officer Division | R24: Clinical Support & Screening Services Business Unit | S24: Clinical Support - Pathology SLM | T24: Pathology Directorate | U24: Dept - Pathology Admin | V24: Pathology - Admin Support | W24: Pathology - Admin Support | X24: 500501 | Y24: Pathology - Admin Support | Z24: 712200 | AA24: Laboratory Reagents | AB24: 1000 | AC24: Default Value | AD24: 1000 | AE24: Default Value | AF24: Accounted | AG24: Fully paid | AI24: =SUMIF($B$6:$B$121,B24,$L$6:$L$121) -> 25259.66 | AJ24: =AI24=E24 -> TRUE
A25: Gateshead Health Other NHS Foundation Trust BU | B25: 6572427253 | C25: 7513051 | D25: 46206 | E25: 25259.66 | F25: 46206.663 | G25: Simon Dunn | H25: Other Supplier | I25: Roche Diagnostics Ltd | J25: CASHIER | K25: RH15 9RY | L25: 4209.94 | M25: 2 | N25: Tax | O25: PATH BATCH 178763 | P25: 31 COS | Q25: Balance Sheet Division | R25: Balance Sheet Business Unit | S25: Balance Sheet SLM | T25: Balance Sheet Directorate | U25: Dept - Debtors | V25: VAT: Contracted Out Servs | W25: VAT: Contracted Out Servs | X25: 988000 | Y25: VAT: Contracted Out Servs | Z25: 156000 | AA25: Vat Debtor < One Year | AB25: 1000 | AC25: Default Value | AD25: 1000 | AE25: Default Value | AF25: Accounted | AG25: Fully paid | AI25: =SUMIF($B$6:$B$121,B25,$L$6:$L$121) -> 25259.66 | AJ25: =AI25=E25 -> TRUE
A26: Gateshead QE Facilities Limited Company BU | B26: 320904 | C26: 6921735 | D26: 46206 | E26: 268603.06 | F26: 46209.39 | G26: Simon Dunn | H26: Whole Government Accounting | I26: NHS Supply Chain | J26: CAPITAL ORDE | K26: DE55 4QJ | L26: 216531.24 | M26: 1 | N26: Item | O26: Account number 44055 | P26: BA STD REC | Q26: Balance Sheet Division | R26: Balance Sheet Business Unit | S26: Balance Sheet SLM | T26: Balance Sheet Directorate | U26: Dept - Creditors | V26: NHS Cr: NHS Supply Chain | W26: NHS Cr: NHS Supply Chain | X26: 986003 | Y26: NHS Cr: NHS Supply Chain | Z26: 228000 | AA26: Non- NHS Trade Creditors < One Year | AB26: 1000 | AC26: Default Value | AD26: 1000 | AE26: Default Value | AF26: Accounted | AG26: Fully paid | AI26: =SUMIF($B$6:$B$121,B26,$L$6:$L$121) -> 268603.06 | AJ26: =AI26=E26 -> TRUE
A27: Gateshead QE Facilities Limited Company BU | B27: 320904 | C27: 6921735 | D27: 46206 | E27: 268603.06 | F27: 46209.39 | G27: Simon Dunn | H27: Whole Government Accounting | I27: NHS Supply Chain | J27: CAPITAL ORDE | K27: DE55 4QJ | L27: 8766.14 | M27: 2 | N27: Item | O27: Account number 44055 | P27: ZERO | Q27: Balance Sheet Division | R27: Balance Sheet Business Unit | S27: Balance Sheet SLM | T27: Balance Sheet Directorate | U27: Dept - Creditors | V27: NHS Cr: NHS Supply Chain | W27: NHS Cr: NHS Supply Chain | X27: 986003 | Y27: NHS Cr: NHS Supply Chain | Z27: 228000 | AA27: Non- NHS Trade Creditors < One Year | AB27: 1000 | AC27: Default Value | AD27: 1000 | AE27: Default Value | AF27: Accounted | AG27: Fully paid | AI27: =SUMIF($B$6:$B$121,B27,$L$6:$L$121) -> 268603.06 | AJ27: =AI27=E27 -> TRUE
A28: Gateshead QE Facilities Limited Company BU | B28: 320904 | C28: 6921735 | D28: 46206 | E28: 268603.06 | F28: 46209.39 | G28: Simon Dunn | H28: Whole Government Accounting | I28: NHS Supply Chain | J28: CAPITAL ORDE | K28: DE55 4QJ | L28: 43305.68 | M28: 4 | N28: Tax | O28: Account number 44055 | P28: BA STD REC | Q28: Balance Sheet Division | R28: Balance Sheet Business Unit | S28: Balance Sheet SLM | T28: Balance Sheet Directorate | U28: Dept - Debtors | V28: VAT: Input Tax | W28: VAT: Input Tax | X28: 988002 | Y28: VAT: Input Tax | Z28: 156000 | AA28: Vat Debtor < One Year | AB28: 1000 | AC28: Default Value | AD28: 1000 | AE28: Default Value | AF28: Accounted | AG28: Fully paid | AI28: =SUMIF($B$6:$B$121,B28,$L$6:$L$121) -> 268603.06 | AJ28: =AI28=E28 -> TRUE
A29: Gateshead QE Facilities Limited Company BU | B29: 475PH00693472/JUNE2026 | C29: 6921737 | D29: 46209 | E29: 583603.15 | F29: 46209.487 | G29: Laura Pentland | H29: Tax Authority | I29: Hm Revenue And Customs | J29: PAYE | K29: BD98 1YY | L29: 255332.74 | M29: 1 | N29: Item | O29: 475PH00693472 | P29: ZERO | Q29: Balance Sheet Division | R29: Balance Sheet Business Unit | S29: Balance Sheet SLM | T29: Balance Sheet Directorate | U29: Dept - Creditors | V29: Pay Ctrl: Income Tax | W29: Pay Ctrl: Income Tax | X29: 987014 | Y29: Pay Ctrl: Income Tax | Z29: 242000 | AA29: Tax And Social Security Costs < One Year | AB29: 1000 | AC29: Default Value | AD29: 1000 | AE29: Default Value | AF29: Accounted | AG29: Fully paid | AI29: =SUMIF($B$6:$B$121,B29,$L$6:$L$121) -> 583603.15 | AJ29: =AI29=E29 -> TRUE
A30: Gateshead QE Facilities Limited Company BU | B30: 475PH00693472/JUNE2026 | C30: 6921737 | D30: 46209 | E30: 583603.15 | F30: 46209.487 | G30: Laura Pentland | H30: Tax Authority | I30: Hm Revenue And Customs | J30: PAYE | K30: BD98 1YY | L30: 2933 | M30: 2 | N30: Item | O30: 475PH00693472 | P30: ZERO | Q30: Balance Sheet Division | R30: Balance Sheet Business Unit | S30: Balance Sheet SLM | T30: Balance Sheet Directorate | U30: Dept - Creditors | V30: Pay Ctrl: Student Loans | W30: Pay Ctrl: Student Loans | X30: 987016 | Y30: Pay Ctrl: Student Loans | Z30: 242000 | AA30: Tax And Social Security Costs < One Year | AB30: 1000 | AC30: Default Value | AD30: 1000 | AE30: Default Value | AF30: Accounted | AG30: Fully paid | AI30: =SUMIF($B$6:$B$121,B30,$L$6:$L$121) -> 583603.15 | AJ30: =AI30=E30 -> TRUE
A31: Gateshead QE Facilities Limited Company BU | B31: 475PH00693472/JUNE2026 | C31: 6921737 | D31: 46209 | E31: 583603.15 | F31: 46209.487 | G31: Laura Pentland | H31: Tax Authority | I31: Hm Revenue And Customs | J31: PAYE | K31: BD98 1YY | L31: 80382.36 | M31: 3 | N31: Item | O31: 475PH00693472 | P31: ZERO | Q31: Balance Sheet Division | R31: Balance Sheet Business Unit | S31: Balance Sheet SLM | T31: Balance Sheet Directorate | U31: Dept - Creditors | V31: Pay Ctrl: NI EES | W31: Pay Ctrl: NI EES | X31: 987011 | Y31: Pay Ctrl: NI EES | Z31: 242000 | AA31: Tax And Social Security Costs < One Year | AB31: 1000 | AC31: Default Value | AD31: 1000 | AE31: Default Value | AF31: Accounted | AG31: Fully paid | AI31: =SUMIF($B$6:$B$121,B31,$L$6:$L$121) -> 583603.15 | AJ31: =AI31=E31 -> TRUE
... A121: Gateshead Health Other NHS Foundation Trust BU | B121: 4WHC 0227 0683 | C121: 7516100 | D121: 46173 | E121: 30010.5 | F121: 46233.412 | G121: NEPN INTERFACE | H121: Other Supplier | I121: 4 Ways Healthcare Ltd | J121: 7 MARCHMONT GAT | K121: HP2 7BF | L121: 30010.5 | M121: 1 | N121: Item | O121: BLANKET ORDER - Provision of remote Radiology Services for the period 1126 - 311226 PLEASE ENSURE THIS PO NUMBER IS QUOTED ON ALL INVOICES | P121: ZZ ZERO I | Q121: Chief Operating Officer Division | R121: Clinical Support & Screening Services Business Unit | S121: Clinical Support - Diagnostic Imaging SLM | T121: Diagnostic Imaging Directorate | U121: Dept - CT | V121: Diagnostic Imaging - CT | W121: Diagnostic Imaging - CT | X121: 510002 | Y121: Diagnostic Imaging - CT | Z121: 742000 | AA121: Healthcare From Independent Sector | AB121: 1000 | AC121: Default Value | AD121: 1000 | AE121: Default Value | AF121: Accounted | AG121: Not paid | AI121: =SUMIF($B$6:$B$121,B121,$L$6:$L$121) -> 30010.5 | AJ121: =AI121=E121 -> TRUE

Sheet Spend over 25k
A1: Org | B1: Period Name | C1: Division | D1: Directorate | E1: Expense Type | F1: Expense Area | G1: Supplier | H1: Invoice Num | I1: Distribution Amount | J1: =IF(COUNTIF('Paste Data here'!AG6:AG1048576,"<>")-COUNTIF('Spend over 25k'!I:I,"<>")+1=0,"No rows to be copied/deleted",IF(COUNTIF('Paste Data here'!AG6:AG1048576,"<>")-COUNTIF('Spend over 25k'!I:I,"<>")+1>0,CONCATENATE("Copy formula down ",COUNTIF('Paste Data here'!AG6:AG1048576,"<>")-COUNTIF('Spend over 25k'!I:I,"<>")+1," rows"),CONCATENATE("Delete formula from ",COUNTIF('Paste Data here'!AG6:AG1048576,"<>")-COUNTIF('Spend over 25k'!I:I,"<>")+1," rows"))) -> No rows to be copied/deleted
A2: ='Paste Data here'!A6 -> Gateshead QE Facilities Limited Company BU | B2: =CONCATENATE(TEXT('Paste Data here'!F6,"mmm"),"-26") -> Jul-26 | C2: ='Paste Data here'!Q6 -> Balance Sheet Division | D2: ='Paste Data here'!T6 -> Balance Sheet Directorate | E2: =VLOOKUP(VALUE('Paste Data here'!Z6),'[1]Subjective Code'!$A$3:$R$2563,18,FALSE) -> Trade and Other Receivables: Non-NHS Receivables | F2: ='Paste Data here'!U6 -> Dept - Debtors | G2: ='Paste Data here'!I6 -> Elis UK Ltd | H2: ='Paste Data here'!B6 -> CN0301295 | I2: ='Paste Data here'!L6 -> -5047.29
A3: ='Paste Data here'!A7 -> Gateshead QE Facilities Limited Company BU | B3: =CONCATENATE(TEXT('Paste Data here'!F7,"mmm"),"-26") -> Jul-26 | C3: ='Paste Data here'!Q7 -> PFMC Division | D3: ='Paste Data here'!T7 -> Procurement Directorate | E3: =VLOOKUP(VALUE('Paste Data here'!Z7),'[1]Subjective Code'!$A$3:$R$2563,18,FALSE) -> Supplies and Services - General | F3: ='Paste Data here'!U7 -> Dept - Laundry | G3: ='Paste Data here'!I7 -> Elis UK Ltd | H3: ='Paste Data here'!B7 -> CN0301295 | I3: ='Paste Data here'!L7 -> -25236.43
A4: ='Paste Data here'!A8 -> Gateshead QE Facilities Limited Company BU | B4: =CONCATENATE(TEXT('Paste Data here'!F8,"mmm"),"-26") -> Jul-26 | C4: ='Paste Data here'!Q8 -> Balance Sheet Division | D4: ='Paste Data here'!T8 -> Balance Sheet Directorate | E4: =VLOOKUP(VALUE('Paste Data here'!Z8),'[1]Subjective Code'!$A$3:$R$2563,18,FALSE) -> Trade and Other Receivables: Non-NHS Receivables | F4: ='Paste Data here'!U8 -> Dept - Debtors | G4: ='Paste Data here'!I8 -> Robertson Ce Ltd | H4: ='Paste Data here'!B8 -> 26090353 | I4: ='Paste Data here'!L8 -> 24522.38
A5: ='Paste Data here'!A9 -> Gateshead QE Facilities Limited Company BU | B5: =CONCATENATE(TEXT('Paste Data here'!F9,"mmm"),"-26") -> Jul-26 | C5: ='Paste Data here'!Q9 -> PFMC Division | D5: ='Paste Data here'!T9 -> Estates Development Directorate | E5: =VLOOKUP(VALUE('Paste Data here'!Z9),'[1]Subjective Code'!$A$3:$R$2563,18,FALSE) -> Premises - Other | F5: ='Paste Data here'!U9 -> Dept - Capital GHNHSFT | G5: ='Paste Data here'!I9 -> Robertson Ce Ltd | H5: ='Paste Data here'!B9 -> 26090353 | I5: ='Paste Data here'!L9 -> 122611.88
A6: ='Paste Data here'!A10 -> Gateshead QE Facilities Limited Company BU | B6: =CONCATENATE(TEXT('Paste Data here'!F10,"mmm"),"-26") -> Jul-26 | C6: ='Paste Data here'!Q10 -> Balance Sheet Division | D6: ='Paste Data here'!T10 -> Balance Sheet Directorate | E6: =VLOOKUP(VALUE('Paste Data here'!Z10),'[1]Subjective Code'!$A$3:$R$2563,18,FALSE) -> Trade and Other Receivables: Non-NHS Receivables | F6: ='Paste Data here'!U10 -> Dept - Debtors | G6: ='Paste Data here'!I10 -> Robertson Ce Ltd | H6: ='Paste Data here'!B10 -> 26090362 | I6: ='Paste Data here'!L10 -> 40652
A7: ='Paste Data here'!A11 -> Gateshead QE Facilities Limited Company BU | B7: =CONCATENATE(TEXT('Paste Data here'!F11,"mmm"),"-26") -> Jul-26 | C7: ='Paste Data here'!Q11 -> PFMC Division | D7: ='Paste Data here'!T11 -> Estates Development Directorate | E7: =VLOOKUP(VALUE('Paste Data here'!Z11),'[1]Subjective Code'!$A$3:$R$2563,18,FALSE) -> Premises - Other | F7: ='Paste Data here'!U11 -> Dept - Capital GHNHSFT | G7: ='Paste Data here'!I11 -> Robertson Ce Ltd | H7: ='Paste Data here'!B11 -> 26090362 | I7: ='Paste Data here'!L11 -> 203260.01
A8: ='Paste Data here'!A12 -> Gateshead Health Other NHS Foundation Trust BU | B8: =CONCATENATE(TEXT('Paste Data here'!F12,"mmm"),"-26") -> Jul-26 | C8: ='Paste Data here'!Q12 -> Chief Operating Officer Division | D8: ='Paste Data here'!T12 -> Pathology Directorate | E8: =VLOOKUP(VALUE('Paste Data here'!Z12),'[1]Subjective Code'!$A$3:$R$2563,18,FALSE) -> Supplies and Services - Clinical (Excluding Drugs Costs) | F8: ='Paste Data here'!U12 -> Dept - Point of Care | G8: ='Paste Data here'!I12 -> Weqas | H8: ='Paste Data here'!B12 -> 632635 | I8: ='Paste Data here'!L12 -> 1998
A9: ='Paste Data here'!A13 -> Gateshead Health Other NHS Foundation Trust BU | B9: =CONCATENATE(TEXT('Paste Data here'!F13,"mmm"),"-26") -> Jul-26 | C9: ='Paste Data here'!Q13 -> Chief Operating Officer Division | D9: ='Paste Data here'!T13 -> Pathology Directorate | E9: =VLOOKUP(VALUE('Paste Data here'!Z13),'[1]Subjective Code'!$A$3:$R$2563,18,FALSE) -> Supplies and Services - Clinical (Excluding Drugs Costs) | F9: ='Paste Data here'!U13 -> Dept - Point of Care | G9: ='Paste Data here'!I13 -> Weqas | H9: ='Paste Data here'!B13 -> 632635 | I9: ='Paste Data here'!L13 -> 11036.52
A10: ='Paste Data here'!A14 -> Gateshead Health Other NHS Foundation Trust BU | B10: =CONCATENATE(TEXT('Paste Data here'!F14,"mmm"),"-26") -> Jul-26 | C10: ='Paste Data here'!Q14 -> Chief Operating Officer Division | D10: ='Paste Data here'!T14 -> Pathology Directorate | E10: =VLOOKUP(VALUE('Paste Data here'!Z14),'[1]Subjective Code'!$A$3:$R$2563,18,FALSE) -> Supplies and Services - Clinical (Excluding Drugs Costs) | F10: ='Paste Data here'!U14 -> Dept - Point of Care | G10: ='Paste Data here'!I14 -> Weqas | H10: ='Paste Data here'!B14 -> 632635 | I10: ='Paste Data here'!L14 -> 13841.58
A11: ='Paste Data here'!A15 -> Gateshead Health Other NHS Foundation Trust BU | B11: =CONCATENATE(TEXT('Paste Data here'!F15,"mmm"),"-26") -> Jul-26 | C11: ='Paste Data here'!Q15 -> Chief Operating Officer Division | D11: ='Paste Data here'!T15 -> Pathology Directorate | E11: =VLOOKUP(VALUE('Paste Data here'!Z15),'[1]Subjective Code'!$A$3:$R$2563,18,FALSE) -> Supplies and Services - Clinical (Excluding Drugs Costs) | F11: ='Paste Data here'!U15 -> Dept - Point of Care | G11: ='Paste Data here'!I15 -> Weqas | H11: ='Paste Data here'!B15 -> 632635 | I11: ='Paste Data here'!L15 -> 4286.4
A12: ='Paste Data here'!A16 -> Gateshead Health Other NHS Foundation Trust BU | B12: =CONCATENATE(TEXT('Paste Data here'!F16,"mmm"),"-26") -> Jul-26 | C12: ='Paste Data here'!Q16 -> Chief Operating Officer Division | D12: ='Paste Data here'!T16 -> Pathology Directorate | E12: =VLOOKUP(VALUE('Paste Data here'!Z16),'[1]Subjective Code'!$A$3:$R$2563,18,FALSE) -> Supplies and Services - Clinical (Excluding Drugs Costs) | F12: ='Paste Data here'!U16 -> Dept - Point of Care | G12: ='Paste Data here'!I16 -> Weqas | H12: ='Paste Data here'!B16 -> 632635 | I12: ='Paste Data here'!L16 -> 11928
A13: ='Paste Data here'!A17 -> Gateshead Health Other NHS Foundation Trust BU | B13: =CONCATENATE(TEXT('Paste Data here'!F17,"mmm"),"-26") -> Jul-26 | C13: ='Paste Data here'!Q17 -> Chief Operating Officer Division | D13: ='Paste Data here'!T17 -> Pathology Directorate | E13: =VLOOKUP(VALUE('Paste Data here'!Z17),'[1]Subjective Code'!$A$3:$R$2563,18,FALSE) -> Supplies and Services - Clinical (Excluding Drugs Costs) | F13: ='Paste Data here'!U17 -> Dept - Point of Care | G13: ='Paste Data here'!I17 -> Weqas | H13: ='Paste Data here'!B17 -> 632635 | I13: ='Paste Data here'!L17 -> 336
... A117: ='Paste Data here'!A121 -> Gateshead Health Other NHS Foundation Trust BU | B117: =CONCATENATE(TEXT('Paste Data here'!F121,"mmm"),"-26") -> Jul-26 | C117: ='Paste Data here'!Q121 -> Chief Operating Officer Division | D117: ='Paste Data here'!T121 -> Diagnostic Imaging Directorate | E117: =VLOOKUP(VALUE('Paste Data here'!Z121),'[1]Subjective Code'!$A$3:$R$2563,18,FALSE) -> Purchase Of Healthcare From Non-NHS Bodies | F117: ='Paste Data here'!U121 -> Dept - CT | G117: ='Paste Data here'!I121 -> 4 Ways Healthcare Ltd | H117: ='Paste Data here'!B121 -> 4WHC 0227 0683 | I117: ='Paste Data here'!L121 -> 30010.5
